 Dungeon Crawl Stone Soup version 0.30.1-11-g7821555f0a (webtiles) character file.

Game seed: 6266220795390863514

979 lonewolfV2 the Covered (level 7, 0/63 HPs)
             Began as a Minotaur Fighter on Nov 7, 2023.
             Slain by a slime creature (12 damage)
             ... on level 5 of the Dungeon.
             The game lasted 00:05:17 (3230 turns).

lonewolfV2 the Covered (Minotaur Fighter)           Turns: 3230, Time: 00:05:18

Health: 0/63       AC: -9    Str: 20    XL:     7   Next: 96%
Magic:  6/6        EV: 10    Int:  5    God:
Gold:   211        SH:  4    Dex: 12    Spells: 6/6 levels left

rFire   . . .        a - +3 war axe
rCold   . . .        c - +0 buckler
rNeg    . . .        i - +0 chain mail
rPois   +            (helmet restricted)
rElec   .            m - +1 cloak
rCorr   .            f - +0 pair of gloves
SInv    .            (no boots)
Will    .....        (no amulet) Stlth
                     e - ring of poison resistance
HPRegen 0.30/turn    (no ring)
MPRegen 0.10/turn

%: no passive effects
@: mighty, corroded
A: horns 2, retaliatory headbutt
a: no special abilities


You were on level 5 of the Dungeon.
You visited 1 branch of the dungeon, and saw 5 of its levels.

You collected 211 gold pieces.

Inventory:

Hand Weapons
 a - a +3 war axe (weapon)
Armour
 c - a +0 buckler (worn)
 f - a +0 pair of gloves (worn)
 i - a +0 chain mail (worn)
 m - a +1 cloak (worn)
Jewellery
 e - a ring of poison resistance (left hand)
 k - an amulet of faith
Wands
 j - a wand of mindburst (9)
Scrolls
 b - a scroll of identify
 o - 2 scrolls of vulnerability
Potions
 g - a potion of lignification
 h - 2 potions of brilliance
 n - a potion of flight
 p - a potion of curing {unknown}
 q - a potion of mutation


   Skills:
 + Level 6.0 Fighting
 - Level 2.4 Axes
 * Level 7.9 Armour
 * Level 6.1 Dodging
 - Level 3.6 Shields


You had 6 spell levels left.
You didn't know any spells.
Your spell library contained the following spells:

 Spells                   Type           Power      Damage    Failure   Level
 Beastly Appendage        Tmut           0%         N/A       99%         1
 Wereblood                Tmut           0%         N/A       99%         2
 Spider Form              Tmut/Pois      0%         N/A       100%        3
 Vhi's Electric Charge    Tloc/Air       0%         N/A       100%        3
 Arcjolt                  Conj/Air       0%         1d10      100%        5
 Plasma Beam              Fire/Air       0%         2x1d11    100%        6


Dungeon Overview and Level Annotations

Branches:
Dungeon (5/15)
 Temple: D:4-7

Altars:
Cheibriados
Yredelemnul

Annotations:
D:3 3 runed translucent doors, KittyFluff's ghost, amateur GrBe


Innate Abilities, Weirdness & Mutations

You have a pair of horns on your head.
You reflexively headbutt those who attack you in melee.


Message History

Your Dodging skill increases to level 6!
You slash the endoplasm!
You kill the endoplasm!
You slash the jelly! The acid corrodes you!
Your hands burn!
You headbutt the jelly, but do no damage.
The jelly is severely wounded.
The jelly barely misses you. You block the jelly's attack.
You hit the jelly.
You kill the jelly!
You hit the jelly but do no damage. The acid corrodes you!
Your hands burn!
The jelly is severely wounded.
The jelly hits you. The acid corrodes you!
You are splashed with acid!
The jelly hits you. The acid corrodes you!
You are splashed with acid.
* * * LOW HITPOINT WARNING * * *
The endoplasm jiggles.
You hit the jelly but do no damage.
Your hands burn!
* * * LOW HITPOINT WARNING * * *
The jelly is severely wounded.
The jelly closely misses you.
You barely miss the jelly. Your headbutt misses the jelly.
The jelly is severely wounded.
The jelly barely misses you. You furiously retaliate!
You headbutt the jelly, but do no damage.
You feel much better. The jelly hits you. The acid corrodes you!
You are splashed with acid!
* * * LOW HITPOINT WARNING * * *
You feel very mighty all of a sudden.
The endoplasm jiggles.
The jelly hits you.
* * * LOW HITPOINT WARNING * * *
The acid corrodes you!
You are splashed with acid.
* * * LOW HITPOINT WARNING * * *
You slash the jelly!
You kill the jelly!
You slash the slime creature!
The slime creature is lightly wounded.
You hit the slime creature but do no damage.
The slime creature is lightly wounded.
The slime creature hits you!
You die...

##...[.####.#........
#.......# #.#.###.###
#.......# #.#.# #.#
#....[..# #.#.###.#
#.......# #.......#
#....#### ###.#####
#....'..###......#
########.####.##.#
##JJ@)..## ##)##.####
#J####### ##.#.....).
#÷÷.PJJ..÷
#....#.####
#.P.PJ.... #......#
#....JPJP. ##...#.# #
#.P.÷.P.P. ###.##.# #
#.P.P..... #...(..# #
#....÷..P! ###.#### #
########## ##'## #


You could see a slime creature, a jelly and an endoplasm.

Vanquished Creatures
  Sigmund (D:4)
  2 ogres
  2 kobold brigands (D:5)
  2 scorpions
  4 jellies (D:5)
  2 hounds
  Natasha (D:4)
  An iguana (D:3)
  3 gnolls (D:4)
  9 adders
  A worm (D:2)
  A dart slug (D:3)
  2 orcs
  5 bats
  7 endoplasms
  A giant cockroach (D:2)
  4 goblins
  5 hobgoblins
  10 kobolds
  A quokka (D:2)
  5 ball pythons
  6 frilled lizards
  2 rats (D:2)
77 creatures vanquished.

Notes
Turn   | Place    | Note
-------+----------+-------------------------------------------
     0 | D:1      | lonewolfV2 the Minotaur Fighter began the quest for the
                  | Orb.
     0 | D:1      | Reached XP level 1. HP: 19/19 MP: 0/0
    69 | D:1      | You fall into a shaft and drop 1 floor!
   133 | D:2      | Reached skill level 4 in Armour
   133 | D:2      | Reached skill level 1 in Dodging
   133 | D:2      | Reached XP level 2. HP: 15/27 MP: 1/1
   311 | D:2      | Found a faded altar of an unknown god.
   409 | D:2      | Reached XP level 3. HP: 33/33 MP: 2/2
   929 | D:3      | Reached XP level 4. HP: 39/40 MP: 3/3
  1132 | D:3      | Found a runed translucent gate.
  1162 | D:3      | Reached skill level 5 in Armour
  1367 | D:3      | Found a runed translucent gate.
  1367 | D:3      | Found a runed translucent gate.
  1757 | D:3      | Noticed KittyFluff's ghost (amateur GrBe)
  1914 | D:4      | Noticed an ogre
  1920 | D:4      | Killed an ogre
  1921 | D:4      | Reached XP level 5. HP: 24/47 MP: 4/4
  2053 | D:4      | Reached skill level 6 in Armour
  2053 | D:4      | Reached XP level 6. HP: 46/55 MP: 5/5
  2218 | D:4      | Noticed Natasha
  2220 | D:4      | Found a snail-covered altar of Cheibriados.
  2228 | D:4      | Killed Natasha
  2229 | D:4      | Reached skill level 5 in Fighting
  2372 | D:4      | Noticed Sigmund
  2400 | D:4      | Killed Sigmund
  2401 | D:4      | Reached XP level 7. HP: 36/61 MP: 6/6
  2587 | D:4      | Found a basalt altar of Yredelemnul.
  2684 | D:5      | Entered Level 5 of the Dungeon
  2696 | D:5      | Reached skill level 5 in Dodging
  2853 | D:5      | Reached skill level 7 in Armour
  3207 | D:5      | Noticed a slime creature
  3230 | D:5      | Slain by a slime creature

Illustrated notes

Levels and vault maps discovered:
D:1:      nagdon_arrival_double_spiral, layout_loops_ring, serial_forest,
          infiniplex_forest_end_2, infiniplex_forest_straight_2,
          infiniplex_forest_straight_2, infiniplex_forest_corner_1,
          infiniplex_forest_lined_1, infiniplex_forest_straight_4,
          infiniplex_forest_corner_2, infiniplex_forest_corner_1,
          minmay_pentomino_x2
D:2:      layout_loops_ring, basic_ecumenical_altar
D:3:      layout_basic, gammafunk_ghost_necromancy, minmay_misc_feat_roman,
          grunt_ministairs_2, st_stairs_5, minmay_misc_feat_square,
          chequers_serial_rivers_room_a, minmay_quadrilaterals
D:4:      layout_basic, kennysheep_mini_moat,
          mainiacjoe_overflow_surrounded_room, serial_park_tiny_1, uniq_sigmund,
          uniq_natasha
D:5:      cheibrodos_fertilizer, layout_loops_corners,
          chequers_temple_overflow_statue_of_worship,
          minmay_misc_feat_secret_circle, st_stairs_3

Skill      XL: |  1  2  3  4  5  6  7 |
---------------+----------------------+-----
Armour         | 4 5 6 7 |  7.9
Dodging        | 1 2 3 4 6 |  6.1
Fighting       | 4 5 6 |  6.0
Axes           | |  2.4
Shields        | |  3.6

Action                     |  1- 3 |  4- 6 |  7- 9 || total
---------------------------+-------+-------+-------++-------
  Melee: War axe           |    49 |    81 |    52 ||   182
         Headbutt          |     3 |    10 |     8 ||    21
    Use: Scroll            |     6 |     5 |     4 ||    15
         Potion            |       |       |     2 ||     2
 Armour: Scale mail        |    20 |     2 |       ||    22
         Chain mail        |       |    33 |    19 ||    52
  Dodge: Dodged            |    24 |    38 |    35 ||    97
  Block: Buckler           |    16 |    24 |    10 ||    50
